 Dungeon Crawl Stone Soup version 0.25-a0-699-g25a338df49 (webtiles) character file.

Game seed: 14719936436031087180, levelgen mode: deterministic

8475 DasRunzen the Destroyer (level 10, -29/88 HPs)
             Began as a Demigod Conjurer on Apr 2, 2020.
             Annihilated by a stone giant (44 damage)
             ... on level 11 of the Dungeon.
             The game lasted 00:26:30 (9530 turns).

DasRunzen the Destroyer (Demigod Conjurer)          Turns: 9530, Time: 00:26:30

Health: -29/88     AC:  7    Str: 11    XL:     10   Next: 85%
Magic:  9/25       EV: 18    Int: 25    God:
Gold:   521        SH:  0    Dex: 19    Spells: 14/23 levels left

rFire    + . .     SeeInvis +   v - +5 morningstar
rCold    + + .     Gourm    +   (no shield)
rNeg     . . .     Faith    .   a - +0 robe
rPois    .         Spirit   .   y - +2 helmet
rElec    .         Reflect  .   w - scarf {rC+ rF+}
rCorr    .         Harm     .   f - +1 pair of gloves {Dex+3}
MR       +....                  (no boots)
Stlth    ++........             k - amulet of the gourmand
HPRegen  0.24/turn              B - ring of see invisible
MPRegen  0.19/turn              t - ring of protection from cold

@: no status effects
A: high mp 1
a: no special abilities


You were on level 11 of the Dungeon.
You were full.

You visited 1 branch of the dungeon, and saw 11 of its levels.

You collected 521 gold pieces.

Inventory:

Hand Weapons
 v - a +5 morningstar (weapon)
Armour
 a - a +0 robe (worn)
 b - a +0 cloak
 f - a +1 pair of gloves of dexterity (worn)
 w - a scarf of resistance (worn)
 y - a +2 helmet (worn)
Jewellery
 k - an amulet of the gourmand (around neck)
 q - an uncursed ring of positive energy
 t - a ring of protection from cold (right hand)
 B - a ring of see invisible (left hand)
Wands
 s - a wand of flame (35)
 x - a wand of paralysis (4)
 A - a wand of polymorph (9)
Scrolls
 e - 4 scrolls of remove curse
 m - a scroll of amnesia
 u - 6 scrolls of teleportation
Potions
 d - 2 potions of flight
 g - 2 potions of heal wounds
 h - a potion of magic
 i - 2 potions of curing
 j - 2 potions of ambrosia
 l - a potion of haste
 n - 2 potions of might
 o - a potion of stabbing {unknown}
 p - a potion of cancellation {unknown}
 r - 4 potions of brilliance {unknown}
 z - 2 potions of lignification {unknown}
 C - 3 potions of degeneration {unknown}
Comestibles
 c - 17 rations


   Skills:
 + Level 7.7 Fighting
 + Level 8.0 Dodging
 - Level 1.7 Stealth
 + Level 7.3 Spellcasting
 + Level 8.7 Conjurations
 + Level 2.9 Earth Magic


You had 14 spell levels left.
You knew the following spells:

 Your Spells              Type           Power        Failure   Level  Hunger
a - Magic Dart            Conj           ####         1%          1    None
b - Searing Ray           Conj           ######       1%          2    None
c - Dazzling Flash        Conj/Hex       ####..       3%          3    None
d - Stone Arrow           Conj/Erth      #####.       1%          3    None

Your spell library contained the following spells:

 Spells                   Type           Power        Failure   Level  Hunger
 Sandblast                Erth           ###...       1%          1    None
 Passwall                 Tmut/Erth      ###.....     5%          2    None
 Animate Skeleton         Necr           N/A          6%          1    None
 Pain                     Necr           #...         6%          1    None
 Fulminant Prism          Conj/Hex       ####......   11%         4    ###....
 Iskenderun's Mystic Bla  Conj/Tloc      ####....     11%         4    ###....
 Vampiric Draining        Necr           #.........   19%         3    None
 Petrify                  Tmut/Erth      ###.....     34%         4    ###....
 Lee's Rapid Deconstruct  Erth           ###.......   45%         5    #####..
 Animate Dead             Necr           N/A          54%         4    ###....
 Agony                    Necr           #.......     87%         5    #####..


Dungeon Overview and Level Annotations

Branches:
Dungeon (11/15)            Temple (0/1) D:7            Lair (0/6) D:8
    Orc: D:9-12


Innate Abilities, Weirdness & Mutations

You have an increased reservoir of magic. (+10% MP)


Message History

The stone giant is moderately wounded.
The stone giant hits you!!
The searing ray hits the stone giant.
The stone giant is moderately wounded.
The stone giant misses you.
The searing ray hits the stone giant.
The stone giant is moderately wounded.
You finish channeling your searing ray.
The stone giant hits you!
* * * LOW HITPOINT WARNING * * *
There is a stone staircase leading down here.
The stone giant hits you!
* * * LOW HITPOINT WARNING * * *
You climb downwards.
There is a stone staircase leading up here.
The stone giant closely misses you.
Casting: Searing Ray (safe; 1% risk of failure)
Confirm with . or Enter, or press ? or * to list all spells.
The stone giant is dazzled.
The stone giant hits you!!!
Ouch! That really hurt!
You die...

#+######+###
###..C@.......
#.#.###..#....
#.#...........
#.#........##
#.#.##.....+
#.#<.<.....#
#.#.....##+#######
#.#.....# #.....#
#.#.....# #..##.#


You could see a stone giant (blind).

Vanquished Creatures
  A two-headed ogre (D:9)
  Nergalle (D:10)
  Pikel (D:9)
  2 hippogriffs (D:9)
  2 wyverns (D:9)
  6 yaks
  2 wraiths
  Grum (D:9)
  A water moccasin (D:4)
  3 porcupines (D:8)
  2 orc warriors
  5 ice beasts
  4 sky beasts
  4 slaves (D:9)
  4 black bears
  A centaur (D:9)
  2 ogres (D:8)
  4 wolves (D:8)
  A crocodile (D:10)
  A big kobold (D:10)
  7 bullfrogs
  2 scorpions (D:8)
  3 killer bees (D:9)
  11 wights
  An electric eel (D:9)
  2 crimson imps
  A quasit (D:9)
  2 bullfrog zombies (D:5)
  2 centaur zombies
  4 jellies
  A bullfrog skeleton (D:4)
  4 orc priests
  3 hounds
  3 orc wizards
  3 centaur skeletons
  An iguana (D:10)
  2 worker ants (D:10)
  A killer bee zombie (D:7)
  3 hound skeletons
  2 hound zombies (D:5)
  A howler monkey zombie (D:5)
  4 worker ant zombies
  7 adders
  A gnoll (D:1)
  3 shadow imps
  4 oozes
  3 adder skeletons
  2 worms
  5 dart slugs
  5 leopard geckos
  42 orcs
  A giant cockroach (D:1)
  8 goblins
  8 hobgoblins
  13 jackals
  7 kobolds
  7 quokkas
  5 ball pythons
  11 bats
  7 frilled lizards
  A jackal zombie (D:5)
  2 leopard gecko zombies
  A quokka zombie (D:5)
  6 rats
260 creatures vanquished.

Vanquished Creatures (others)
  A kobold (D:2)
  9 fungi (D:8)
  A plant (D:8)
11 creatures vanquished.

Grand Total: 271 creatures vanquished

Notes
Turn   | Place    | Note
-------+----------+-------------------------------------------
     0 | D:1      | DasRunzen the Demigod Conjurer began the quest for the Orb.
     0 | D:1      | Reached XP level 1. HP: 14/14 MP: 5/5
   234 | D:1      | Reached XP level 2. HP: 22/22 MP: 4/7
   238 | D:1      | Learned a level 2 spell: Searing Ray
   330 | D:1      | Reached skill level 1 in Fighting
   478 | D:1      | Reached XP level 3. HP: 22/28 MP: 4/8
  1162 | D:2      | Reached XP level 4. HP: 25/35 MP: 8/10
  1943 | D:3      | Reached XP level 5. HP: 41/41 MP: 6/12
  2732 | D:4      | Noticed a water moccasin
  2740 | D:4      | Killed a water moccasin
  2740 | D:4      | Reached XP level 6. HP: 22/50 MP: 4/14
  3298 | D:5      | Entered Level 5 of the Dungeon
  3367 | D:5      | Reached skill level 5 in Conjurations
  3652 | D:5      | Reached XP level 7. HP: 29/57 MP: 6/15
  3733 | D:5      | You fall into a shaft and drop 1 floor!
  4761 | D:7      | Found a staircase to the Ecumenical Temple,
  4776 | D:7      | You fall into a shaft and drop 1 floor!
  4777 | D:8      | Noticed a yak
  4785 | D:8      | Reached XP level 8. HP: 59/66 MP: 7/18
  4789 | D:8      | Reached skill level 5 in Dodging
  4825 | D:8      | Reached skill level 5 in Spellcasting
  4826 | D:8      | Reached skill level 5 in Fighting
  5087 | D:8      | Reached XP level 9. HP: 71/74 MP: 15/20
  5136 | D:8      | Found a staircase to the Lair,
  5221 | D:8      | Learned a level 3 spell: Dazzling Flash
  5514 | D:8      | Found a roughly hewn altar of Beogh,
  5850 | D:8      | Found a basalt altar of Yredelemnul,
  5850 | D:8      | Found an ancient bone altar of Kikubaaqudgha,
  5852 | D:8      | Found a sacrificial altar of Ru,
  5854 | D:8      | Found a hide-covered altar of Uskayaw,
  5980 | D:9      | Noticed Grum
  6332 | D:9      | Killed Grum
  6376 | D:9      | Noticed a two-headed ogre
  6386 | D:9      | Killed a two-headed ogre
  6386 | D:9      | Reached XP level 10. HP: 46/84 MP: 14/23
  7111 | D:9      | Learned a level 3 spell: Stone Arrow
  7250 | D:9      | Noticed Pikel
  7258 | D:9      | Killed Pikel
  7258 | D:9      | Reached skill level 1 in Earth Magic
  7692 | D:10     | Entered Level 10 of the Dungeon
  7864 | D:10     | Noticed Nergalle
  7884 | D:10     | Killed Nergalle
  8206 | D:10     | Noticed a stone giant
  9530 | D:11     | Annihilated by a stone giant

Levels and vault maps discovered:
D:1:      kilobyte_arrival_exit_the_forest, layout_loops_ring,
          serial_bayou_pond_a
D:2:      layout_rooms, lemuel_old_faithful
D:3:      layout_rooms, serial_rivers, chequers_serial_rivers_large_a,
          chequers_serial_rivers_micro_e, chequers_serial_rivers_marsh,
          chequers_serial_rivers_large_b, chequers_serial_rivers_small_3,
          minivault_19, uniq_crazy_yiuf_cottage
D:4:      layout_loops_corners
D:5:      layout_cave_pods, serial_undead, serial_undead_f, serial_undead_b,
          serial_undead_e, serial_undead_a, serial_undead_e, serial_undead_d,
          serial_undead_f, serial_undead_e, serial_undead_f, serial_undead_d,
          first_ration
D:6:      layout_gridville
D:7:      layout_loops_cross, minmay_temple_entry_mini_moons
D:8:      layout_loops_cross, minitemple, due_lair_maze_entry_diamond,
          special_room [special_room_orc]
D:9:      layout_cave_pods, serial_glass, glass_columns_a, glass_columns_b,
          st_stairs_7, nrook_pool_corridor, uniq_grum, uniq_pikel
D:10:     layout_loops_ring, st_stairs_10, blue_anna_alchemist
          [blue_anna_fruit_fields, blue_anna_fruit_fields], serial_bayou_pond_d,
          kennysheep_island_fort, uniq_nergalle
D:11:     layout_stronghold, kennysheep_orc_monster_closet_entryway,
          hangedman_tell_no_tales

Skill      XL: |  1  2  3  4  5  6  7  8  9 10 |
---------------+-------------------------------+-----
Dodging        | 2 3 4 5 7 8 |  8.0
Spellcasting   | 2 3 4 5 6 7 |  7.3
Fighting       | 1 2 3 4 5 6 7 |  7.7
Conjurations   | 4 5 6 7 8 |  8.7
Earth Magic    | 2 |  2.9
Stealth        | |  1.7

Action                   |  1- 3 |  4- 6 |  7- 9 | 10-12 || total
-------------------------+-------+-------+-------+-------++-------
Melee: Dagger            |    75 |   127 |     8 |       ||   210
       Morningstar       |       |       |    73 |    28 ||   101
 Cast: Magic Dart        |    77 |    76 |    20 |    16 ||   189
       Searing Ray       |       |    18 |    48 |    47 ||   113
       Dazzling Flash    |       |       |       |     1 ||     1
  Use: Scroll            |     3 |     7 |     3 |     1 ||    14
       Potion            |       |     1 |       |       ||     1
 Stab: Sleeping          |       |     1 |     1 |     2 ||     4
       Distracted        |       |       |     1 |       ||     1
  Eat: Chunk             |     1 |    12 |    13 |     7 ||    33
Armor: Robe              |    20 |    28 |    41 |    15 ||   104
Dodge: Dodged            |    57 |    99 |   208 |    83 ||   447

Table legend:
 A = Non-vault XP
 B = Vault XP
 C = Vault XP percentage of total XP
 D = Non-vault monster count
 E = Vault monster count
 F = Vault count percentage of total count
                 A         B        C        D         E       F
            +---------+---------+-------+---------+---------+-------
      Total |    7757 |    4351 |  35.9 |     198 |      58 |  22.7
            +---------+---------+-------+---------+---------+-------
        D:1 |      67 |       0 |   0.0 |      29 |       0 |   0.0
        D:2 |      60 |       0 |   0.0 |      27 |       0 |   0.0
        D:3 |     121 |       0 |   0.0 |      27 |       0 |   0.0
        D:4 |     322 |       0 |   0.0 |      10 |       0 |   0.0
        D:5 |      51 |     282 |  84.7 |       8 |      14 |  63.6
        D:6 |     661 |       0 |   0.0 |      21 |       0 |   0.0
        D:7 |      79 |       0 |   0.0 |       3 |       0 |   0.0
        D:8 |    1400 |    1988 |  58.7 |      21 |      35 |  62.5
        D:9 |    2950 |     940 |  24.2 |      27 |       3 |  10.0
       D:10 |    2034 |    1141 |  35.9 |      24 |       6 |  20.0
       D:11 |      12 |       0 |   0.0 |       1 |       0 |   0.0
            +---------+---------+-------+---------+---------+-------
